AoeStats
← Groose's Pompadour

Nomad

506695955Analyzed
4v4 RM · 19d ago on Sep 14, 2026· 44m 31s· 8 players
Game mode
Random Map
Map size
231×231
Population
200
Speed
Normal
Resources
Standard
Victory
Conquest
Starting age
Dark Age
Ending age
Imperial Age
RankedLock teamsTeams togetherTeam positionsShared explorationLock speedFull tech treeHidden civsTurbo modeCheats
Victory
Defeat
🇹🇷 Hindustanis · Türkiye
1173
+15
🇳🇱 Burgundians · Netherlands
1172
+15
🇫🇷 Koreans · France
1151
+16
🇹🇷 Magyars · Türkiye
1118
+18
🇳🇴 Turks · Norway
1226
-19
🇳🇴 Franks · Norway
1134
-15
🇳🇴 Berbers · Norway
1132
-15
🇳🇴 Jurchens · Norway
1130
-15
math-hbcn
4:44 Loom
13:21 Feudal Age
18:51 Castle Age
20:08 Medium Warships
20:26 Fishing Lines
21:40 Stone Mining
21:51 Double-Bit Axe
22:57 Fletching
23:50 Horse Collar
25:09 Gold Mining
25:28 Gillnets
27:49 Bodkin Arrow
29:52 Wheelbarrow
34:53 Imperial Age
33:49 Ballistics
34:45 Masonry
34:16 Treadmill Crane
35:20 Stone Shaft Mining
35:21 Gold Shaft Mining
35:13 Bow Saw
36:12 Conscription
35:55 Bracer
36:57 Chemistry
36:21 Heavy Plow
36:42 Hand Cart
37:11 Elite War Wagon
39:44 Town Watch
Mush
4:53 Loom
12:47 Feudal Age
19:54 Castle Age
19:54 Double-Bit Axe
19:50 Horse Collar
20:50 Wheelbarrow
20:52 Cavalier
21:52 Scale Mail Armor
21:59 Scale Barding Armor
22:05 Forging
23:33 Chain Barding Armor
24:22 Hand Cart
27:43 Husbandry
29:10 Bow Saw
32:27 Iron Casting
32:00 Gold Mining
36:08 Heavy Plow
38:58 Gold Shaft Mining
Frosty
6:29 Loom
13:32 Feudal Age
18:24 Castle Age
17:27 Double-Bit Axe
17:40 Fishing Lines
17:52 Horse Collar
21:40 Bow Saw
22:32 Gillnets
25:42 Squires
28:49 Scale Mail Armor
28:59 Forging
37:47 Iron Casting
39:35 Fletching
40:00 Chain Mail Armor
40:48 Gold Mining
42:01 Wheelbarrow
41:11 Town Watch
44:38 Imperial Age
44:09 Stone Mining
44:54 Gold Shaft Mining
hirax34
10:41 Loom
13:04 Feudal Age
17:10 Castle Age
17:00 Double-Bit Axe
20:23 Bow Saw
20:13 Horse Collar
22:36 Fletching
26:38 Padded Archer Armor
28:10 Bloodlines
29:00 Ballistics
29:32 Gold Mining
29:57 Bodkin Arrow
32:43 Leather Archer Armor
33:37 Wheelbarrow
35:51 Thumb Ring
36:27 Heavy Plow
40:07 Imperial Age
38:56 Gold Shaft Mining
38:59 Hand Cart
38:41 Town Watch
40:13 Heavy Cavalry Archer
42:03 Chemistry
42:41 Ring Archer Armor
43:35 Bracer
Joser
3:41 Loom
14:36 Feudal Age
19:23 Castle Age
17:31 Double-Bit Axe
19:36 Wheelbarrow
21:22 Husbandry
21:44 Scale Barding Armor
23:38 Forging
24:09 Bloodlines
26:35 Iron Casting
Asmami
4:53 Loom
14:11 Feudal Age
18:39 Castle Age
17:14 Fletching
17:34 Fishing Lines
18:58 Padded Archer Armor
18:56 Double-Bit Axe
19:01 Horse Collar
21:59 Bodkin Arrow
22:05 Padded Archer Armor
23:30 Wheelbarrow
25:14 Ballistics
28:34 Leather Archer Armor
31:10 Hand Cart
35:43 Fortified Wall
35:32 Murder Holes
43:26 Imperial Age
SirAndas
11:08 Loom
13:11 Feudal Age
18:08 Castle Age
16:14 Double-Bit Axe
16:47 Horse Collar
18:50 Bloodlines
19:09 Fletching
19:45 Padded Archer Armor
22:00 Bow Saw
26:14 Forging
28:37 Leather Archer Armor
30:41 Bodkin Arrow
32:08 Thumb Ring
32:37 Ballistics
34:44 Sipahi
35:04 Husbandry
36:27 Wheelbarrow
37:04 Heavy Plow
41:43 Imperial Age
41:51 Heavy Cavalry Archer
42:57 Parthian Tactics
42:52 Elite Genitour
43:59 Bracer
Groose's Pompadour
11:18 Loom
13:35 Feudal Age
19:15 Castle Age
27:24 Double-Bit Axe
28:53 Scale Barding Armor
29:58 Husbandry
30:30 Chain Barding Armor
35:27 Wheelbarrow
35:22 Bow Saw
36:56 Fletching
37:22 Forging
38:40 Town Watch
41:07 Pikeman
Connection lost

Rejoining the realm…

Still unreachable

The connection could not be restored.

Session expired

The server has moved on; the page needs a fresh start.